 Dungeon Crawl Stone Soup version 0.28-a0-1567-g1695149f81 (webtiles) character file.

Game seed: 16149801301971210713

153 comborobin the Cudgeller (level 5, -1/36 HPs)
             Began as an Octopode Cinder Acolyte on Jan 20, 2022.
             Was a High Priest of Ignis.
             Slain by an ogre (26 damage)
             ... on level 4 of the Dungeon.
             The game lasted 00:02:08 (2303 turns).

comborobin the Cudgeller (Octopode Cinder Acolyte)  Turns: 2303, Time: 00:02:10

Health: -1/36      AC:  1    Str: 13    XL:     5   Next: 35%
Magic:  6/6        EV: 12    Int: 17    God:    Ignis [*****.]
Gold:   93         SH:  0    Dex:  9    Spells: 6/6 levels left

rFire   + . .      SeeInvis .   a - +2 whip (distort)
rCold   . . .      Faith    .   (no shield)
rNeg    . . .      Spirit   .   (helmet restricted)
rPois   .          Reflect  .   (no amulet)
rElec   .          Harm     .   (no ring)
rCorr   .          Rampage  .   (no ring)
Will    .....                   (no ring)
Stlth   ++........              (no ring)
HPRegen 0.12/turn               (no ring)
MPRegen 0.10/turn               (no ring)
                                (no ring)
                                (no ring)

@: no status effects
A: almost no armour, amphibious, 8 rings, camouflage 1, gelatinous body 1,
(nimble swimmer 1), tentacles
a: Renounce Religion, Fiery Armour, Foxfire Swarm, Rising Flame


You were on level 4 of the Dungeon.
You worshipped Ignis.
Ignis was extremely pleased with you.
You visited 1 branch of the dungeon, and saw 4 of its levels.

You collected 93 gold pieces.

Inventory:

Hand Weapons
 a - a +2 whip of distortion (weapon)
 b - a +1 vampiric falchion
Jewellery
 d - a ring of fire
Scrolls
 f - 2 scrolls of magic mapping {unknown}
Potions
 g - 2 potions of lignification {unknown}


   Skills:
 - Level 3.1 Fighting
 + Level 4.5 Maces & Flails
 - Level 3.1 Unarmed Combat
 - Level 1.1 Spellcasting
 - Level 3.1 Fire Magic


You had 6 spell levels left.
You didn't know any spells.
Your spell library contained the following spells:

 Spells                   Type           Power      Damage    Failure   Level
 Scorch                   Fire           22%        2d6       9%          2
 Summon Guardian Golem    Hex/Summ       1%         N/A       54%         3
 Orb of Destruction       Conj           0%         9d5       100%        7
 Spellforged Servitor     Conj/Summ      0%         N/A       100%        7


Dungeon Overview and Level Annotations

Branches:
Dungeon (4/15)
 Temple: D:4-7

Altars:
Dithmenos
Elyvilon
Hepliaklqana
Makhleb

Shops:
D:4 (


Innate Abilities, Weirdness & Mutations

You cannot wear most types of armour.
You are amphibious.
You can wear up to eight rings at the same time.
Your skin changes colour to match your surroundings (Stealth+).
Your rubbery body absorbs attacks. (AC +1, EV +1)
((You are camouflaged when in or above water. (Stealth+)))
You have tentacles for arms and can constrict up to eight enemies at once.


Message History

The adder is moderately wounded.
The adder closely misses you.
You hit the adder. Your grab misses the adder. Your squeeze misses the adder.
The adder is severely wounded.
The adder bites you. x2
You hit the adder. You grab the adder. Your squeeze misses the adder.
The adder is almost dead.
The adder struggles to blink free from constriction.
You constrict the adder.
You kill the adder!
No target in view!
No target in view!
f - 2 scrolls labelled YVE BUTHRALEUM (gained 1)
Things that are here:
a +0 mace; a +0 robe An ogre comes into view.
It is wielding a +0 giant club.
The ogre moves out of view.
No target in view!
No target in view!
No target in view!
No target in view!
The ogre shouts!
An ogre is nearby!
An ogre is nearby!
Things that are here:
a +0 mace; a +0 robe You hit the ogre.
The ogre is lightly wounded.
The ogre hits you with a +0 giant club!
Items here: ))) [ ÷÷.
It was a potion of resistance.
You feel protected. The ogre misses you.
It was a potion of cancellation.
Your magical effects are unravelling.
You feel magically purged.
Your resistance to elements expires.
The ogre hits you with a +0 giant club!!
Ouch! That really hurt!
You die...

######.# #.#################
#.......[........(#
#################.########
#...(........
#########.##.########
#........)...###
###..####..))....#####.
#......O@..)..#........
######.'########'.....##.##.
####......#........#...#.# #
..........#⌠......⌠#.#.#...
....)####.#.._.._..#.#.####.#
###..# #.#⌠......⌠#...####.##
#..# #.##########.#...>....
#..# ##.###....###.#.####.##
#..###..##......##....###.


You could see an ogre.

Vanquished Creatures
  An orc wizard (D:4)
  Robin (D:4)
  5 adders
  4 worms
  2 dart slugs (D:3)
  3 orcs (D:4)
  2 endoplasms
  3 giant cockroaches
  14 goblins
  2 hobgoblins
  2 quokkas (D:3)
  5 ball pythons
  2 bats
  2 frilled lizards
  6 kobolds
  2 rats
56 creatures vanquished.

Vanquished Creatures (others)
  An endoplasm (D:4)
1 creature vanquished.

Grand Total: 57 creatures vanquished

Notes
Turn   | Place    | Note
-------+----------+-------------------------------------------
     0 | D:1      | comborobin the Octopode Cinder Acolyte began the quest for
                  | the Orb.
     0 | D:1      | Reached XP level 1. HP: 16/16 MP: 2/2
   119 | D:1      | Reached XP level 2. HP: 19/21 MP: 3/3
   169 | D:1      | Found a faded altar of an unknown god.
   190 | D:1      | Reached skill level 1 in Maces & Flails
   520 | D:2      | Reached XP level 3. HP: 25/26 MP: 4/4
   521 | D:2      | Reached skill level 2 in Maces & Flails
   702 | D:2      | Found a hazy altar of Hepliaklqana.
   733 | D:3      | Reached skill level 3 in Maces & Flails
   734 | D:3      | Reached XP level 4. HP: 14/31 MP: 5/5
  1471 | D:4      | Found a white marble altar of Elyvilon.
  1472 | D:4      | Found a shadowy altar of Dithmenos.
  1609 | D:4      | Found a burning altar of Makhleb.
  1612 | D:4      | Noticed Robin
  1649 | D:4      | Killed Robin
  1671 | D:4      | Reached skill level 4 in Maces & Flails
  1854 | D:4      | Found Nureekh's Antique Weapon Emporium.
  1991 | D:4      | Reached XP level 5. HP: 15/36 MP: 6/6
  2249 | D:4      | Noticed an ogre
  2303 | D:4      | Slain by an ogre

Illustrated notes

Levels and vault maps discovered:
D:1:      minmay_arrival_radiant_lines, layout_loops_ring,
          hellmonk_ecumenical_altar_run_dry, fountainhead
D:2:      layout_loops_ring, basic_altar, uniq_crazy_yiuf_cottage
D:3:      layout_basic, chequers_temple_overflow_statue_of_worship, st_stairs_13
D:4:      layout_loops_ring, kennysheep_mini, jmf_multi_god_temple,
          lemuel_crystal_altar, serial_shops, nicolae_lakefront_shop,
          lemuel_flame_loot_1, uniq_robin

Skill      XL: |  1  2  3  4 |
---------------+-------------+-----
Maces & Flails | 1 3 4 |  4.5
Fighting       | |  3.1
Unarmed Combat | |  3.1
Spellcasting   | |  1.1
Fire Magic     | |  3.1

Action                   |  1- 3 |  4- 6 || total
-------------------------+-------+-------++-------
Melee: Whip              |    40 |    45 ||    85
       Unarmed           |     3 |       ||     3
       Constrict         |    11 |    14 ||    25
       Tentacles         |     8 |    13 ||    21
       Punch             |     1 |     2 ||     3
Invok: Fiery Armour      |     1 |       ||     1
  Use: Potion            |       |     2 ||     2
 Stab: Sleeping          |     6 |     3 ||     9
Armor: Skin              |     6 |     1 ||     7
Dodge: Dodged            |    22 |    12 ||    34

Table legend: (Time is in decaauts)
 A = Elapsed time spent in this place.
 B = Non-inter-level travel time spent in this place.
 C = Inter-level travel time spent in this place.
 D = Time resting spent in this place.
 E = Time spent auto-exploring this place.
 F = Levels seen in this place.
 G = Mean time per level.
                   A        B        C        D        E       F      G
               +--------+--------+--------+--------+--------+-----+--------+
         Total |   2297 |   2250 |     47 |    601 |   1229 |   4 |  574.2 |
       Dungeon |   2297 |   2250 |     47 |    601 |   1229 |   4 |  574.2 |
               +--------+--------+--------+--------+--------+-----+--------+

Top non-repeatable levels by time:
     D:4: 903 daAuts
     D:3: 677 daAuts
     D:2: 524 daAuts
     D:1: 191 daAuts
